 Dungeon Crawl Stone Soup version 0.30-a0-953-g5f1da4a474 (webtiles) character file.

Game seed: 15424656566178104479

141 retardedninja the Conjurer (level 5, -3/28 HPs)
             Began as a Deep Elf Conjurer on Mar 28, 2023.
             Killed by divine providence
             ... invoked by an orc priest
              (10 damage)
             ... on level 3 of the Dungeon.
             The game lasted 00:03:03 (2255 turns).

retardedninja the Conjurer (Deep Elf Conjurer)      Turns: 2255, Time: 00:03:04

Health: -3/28      AC:  3    Str:  4    XL:     5   Next: 3%
Magic:  5/13       EV: 13    Int: 25    God:
Gold:   62         SH:  0    Dex: 13    Spells: 11/12 levels left

rFire   . . .      SeeInvis +    o - +0 war axe
rCold   . . .      Faith    .    (no shield)
rNeg    . . .      Spirit   .    n - +0 robe
rPois   +          Reflect  .    (no helmet)
rElec   .          Rampage  .    h - +0 cloak
rCorr   .                        (no gloves)
Will    .....                    (no boots)
Stlth   ++                       (no amulet)
HPRegen 0.24/turn                e - ring of poison resistance
MPRegen 0.13/turn                i - ring of see invisible

@: no status effects
A: no striking features
a: no special abilities


You were on level 3 of the Dungeon.
You visited 1 branch of the dungeon, and saw 3 of its levels.

You collected 62 gold pieces.

Inventory:

Hand Weapons
 o - a +0 war axe (weapon)
Armour
 h - a +0 cloak (worn)
 n - a +0 robe (worn)
Jewellery
 e - a ring of poison resistance (left hand)
 i - a ring of see invisible (right hand)
Scrolls
 c - 2 scrolls of enchant weapon {unknown}
 f - 3 scrolls of identify {unknown}
 l - a scroll of immolation {unknown}
 m - a scroll of enchant armour {unknown}
Potions
 a - a potion of ambrosia {unknown}
 d - 2 potions of curing {unknown}
 g - a potion of haste {unknown}
 j - a potion of degeneration {unknown}
 k - a potion of mutation {unknown}


   Skills:
 + Level 3.8 Dodging
 + Level 4.0 Stealth
 + Level 4.3 Spellcasting
 + Level 5.1 Conjurations


You had 11 spell levels left.
You knew the following spells:

 Your Spells              Type           Power      Damage    Failure   Level
a - Magic Dart            Conj           100%       1d8       1%          1

Your spell library contained the following spells:

 Spells                   Type           Power      Damage    Failure   Level
 Searing Ray              Conj           62%        2d6       1%          2
 Dazzling Flash           Conj/Hex       36%        N/A       10%         3
 Fulminant Prism          Conj/Hex       9%         3d7       30%         4
 Iskenderun's Mystic Bla  Conj/Tloc      18%        2d6       30%         4


Dungeon Overview and Level Annotations

Branches:
Dungeon (3/15)

Altars:
Zin


Message History

The orc wizard hits you but does no damage.
Unknown command.
Aiming: Magic Dart (safe; 1% risk of failure)
Press: ? - help, Q - select action Shift-Dir - straight line, f/p - orc priest
Aim: an orc priest, wielding a +0 club and wearing a +0 leather armour (moderately wounded, 100% to hit)
The magic dart hits the orc wizard.
The orc wizard is severely wounded.
The orc wizard hits you but does no damage.
Aiming: Magic Dart (safe; 1% risk of failure)
Press: ? - help, Q - select action Shift-Dir - straight line, f/p - orc priest
Aim: an orc priest, wielding a +0 club and wearing a +0 leather armour (moderately wounded, 100% to hit)
The magic dart hits the orc priest.
The orc priest is moderately wounded.
The orc wizard hits you with a +0 dagger.
The hobgoblin closely misses you. The orc priest closely misses you.
Aiming: Magic Dart (safe; 1% risk of failure)
Press: ? - help, Q - select action Shift-Dir - straight line, f/p - orc priest
Aim: an orc priest, wielding a +0 club and wearing a +0 leather armour (moderately wounded, 100% to hit)
The magic dart hits the orc priest.
The orc priest is severely wounded.
The orc priest hits you with a +0 club.
The orc wizard hits you with a +0 dagger.
The hobgoblin hits you.
Aiming: Magic Dart (safe; 1% risk of failure)
Press: ? - help, Q - select action Shift-Dir - straight line, f/p - orc priest
Aim: an orc priest, wielding a +0 club and wearing a +0 leather armour (severely wounded, 100% to hit)
The magic dart hits the orc priest but does no damage.
The orc priest is severely wounded.
The orc priest hits you with a +0 club. The orc wizard casts a spell at you.
The magic dart hits you. The hobgoblin hits you.
* * * LOW HITPOINT WARNING * * *
Aiming: Magic Dart (safe; 1% risk of failure)
Press: ? - help, Q - select action Shift-Dir - straight line, f/p - orc priest
Aim: an orc priest, wielding a +0 club and wearing a +0 leather armour (severely wounded, 100% to hit)
The magic dart hits the orc priest but does no damage.
The orc priest is severely wounded.
The orc priest calls down the wrath of Beogh upon you.
Beogh smites you!
You die...

.## .. .. .# #.#
###.# ... ...# #.#
#g.# #.. ###@.##.#
.# #.## ..#oo...#
.# #.^ #.#.##..#
.# #.# #.#.# .# .#
####†####.#.# # .#
#........#.)# .#
#.#####.###.).o..#
.#####.#
#..#.)##.#..#
.......# #......
..


You could see an orc priest, an orc wizard and a hobgoblin.

Vanquished Creatures
  A jelly (D:3)
  An orc wizard (D:3)
  3 adders (D:2)
  5 orcs (D:3)
  5 bats
  5 endoplasms
  5 giant cockroaches
  2 goblins (D:2)
  3 jackals (D:1)
  2 quokkas
  8 ball pythons
  4 frilled lizards
  4 kobolds
  4 rats
52 creatures vanquished.

Vanquished Creatures (others)
  A plant (D:1)
1 creature vanquished.

Grand Total: 53 creatures vanquished

Notes
Turn   | Place    | Note
-------+----------+-------------------------------------------
     0 | D:1      | retardedninja the Deep Elf Conjurer began the quest for the
                  | Orb.
     0 | D:1      | Reached XP level 1. HP: 10/10 MP: 6/6
   260 | D:1      | Reached XP level 2. HP: 15/15 MP: 4/8
   930 | D:1      | Reached XP level 3. HP: 19/19 MP: 7/10
  1183 | D:2      | Found a glowing silver altar of Zin.
  1777 | D:2      | Reached XP level 4. HP: 24/24 MP: 5/11
  2144 | D:3      | Reached skill level 5 in Conjurations
  2205 | D:3      | Reached XP level 5. HP: 28/28 MP: 2/13
  2255 | D:3      | Killed from afar by an orc priest

Illustrated notes

Levels and vault maps discovered:
D:1:      reono_arrival_forest_river, layout_basic, serial_bayou,
          serial_bayou_shore_a, serial_bayou_crossing, serial_bayou_pond_d,
          serial_bayou_pond_a, serial_bayou_pond_a, serial_bayou_ford_a
D:2:      layout_loops_ring, serial_aquarium, aquarium_bridge_straight
          [aquarium_subvault_bridge, aquarium_subvault_wall,
          aquarium_subvault_bridge, aquarium_subvault_wall],
          aquarium_bridge_island_small [aquarium_subvault_small_water,
          aquarium_subvault_window, aquarium_subvault_bridge,
          aquarium_subvault_bridge, aquarium_subvault_wall],
          aquarium_window_fake, aquarium_window_1, aquarium_view_2d,
          aquarium_balcony_3b, basic_altar
D:3:      layout_loops_ring

Skill      XL: |  1  2  3  4  5 |
---------------+----------------+-----
Stealth        | 3 4 |  4.0
Dodging        | 3 |  3.8
Spellcasting   | 4 |  4.3
Conjurations   | 5 |  5.1

Action                     |  1- 3 |  4- 6 || total
---------------------------+-------+-------++-------
  Melee: Unarmed           |    14 |       ||    14
         War axe           |       |     1 ||     1
   Cast: Magic Dart        |    80 |    33 ||   113
    Use: Potion            |       |     1 ||     1
 Armour: Robe              |    17 |     5 ||    22
  Dodge: Dodged            |    21 |     2 ||    23

Table legend: (Time is in decaauts)
 A = Elapsed time spent in this place.
 B = Non-inter-level travel time spent in this place.
 C = Inter-level travel time spent in this place.
 D = Time resting spent in this place.
 E = Time spent auto-exploring this place.
 F = Levels seen in this place.
 G = Mean time per level.
                   A        B        C        D        E       F      G
               +--------+--------+--------+--------+--------+-----+--------+
         Total |   2285 |   2174 |    111 |     29 |   1875 |   3 |  761.7 |
       Dungeon |   2285 |   2174 |    111 |     29 |   1875 |   3 |  761.7 |
               +--------+--------+--------+--------+--------+-----+--------+

Top non-repeatable levels by time:
     D:1: 1097 daAuts
     D:2: 1021 daAuts
     D:3: 167 daAuts
